 Dungeon Crawl Stone Soup version 0.30-a0-457-g4b7bca3bfa (webtiles) character file.

Game seed: 18171636164209747861

16043 arthad the Geomancer (level 12, -24/88 HPs)
             Began as a Formicid Earth Elementalist on Dec 13, 2022.
             Was a Priest of Sif Muna.
             Annihilated by a large slime creature (25 damage)
             ... on level 12 of the Dungeon.
             The game lasted 00:43:49 (14134 turns).

arthad the Geomancer (Formicid Earth Elementalist) Turns: 14134, Time: 00:43:49

Health: -24/88     AC: 12    Str: 14    XL:     12   Next: 65%
Magic:  7/24       EV: 14    Int: 19    God:    Sif Muna [***...]
Gold:   951        SH:  5    Dex: 20    Spells: 13/27 levels left

rFire   . . .      SeeInvis +    n - +5 flail of Hubris {venom, Contam rElec rC+ Stlth+}
rCold   + + .      Faith    .    (no shield)
rNeg    . . .      Spirit   .    T - +0 acid dragon scales
rPois   .          Reflect  +    (helmet unavailable)
rElec   +          Harm     .    Y - +0 cloak
rCorr   +          Rampage  .    c - +1 pair of gloves
Will    +....                    r - +0 pair of boots
Stlth   +++++.....               f - amulet of reflection
HPRegen 0.34/turn                s - +6 ring of dexterity
MPRegen 0.19/turn                C - ring of protection from cold

@: no status effects
A: permanent stasis, dig shafts and tunnels, antennae 3, four strong arms
a: Dig, Shaft Self, Renounce Religion, Channel Magic, Forget Spell


You were on level 12 of the Dungeon.
You worshipped Sif Muna.
Sif Muna was most pleased with you.
You visited 2 branches of the dungeon, and saw 13 of its levels.

You collected 951 gold pieces.

Inventory:

Hand Weapons
 n - the +5 flail of Hubris (weapon) {venom, Contam rElec rC+ Stlth+}
   (You found it on level 3 of the Dungeon)

   It poisons the flesh of those it strikes.
   rC:        It protects you from cold.
   rElec:     It insulates you from electricity.
   Contam:    It causes magical contamination when unequipped.
   Stlth:     It makes you more stealthy.
 L - a +0 scimitar of flaming
 Q - the +5 war axe of the Tiger {flame, rElec rCorr Str-4 Dex+5}
   (You found it on level 9 of the Dungeon)

   It burns those it strikes, dealing additional fire damage.
   Big, fiery blades are also staple armaments of hydra-hunters.
   Str:       It affects your strength (-4).
   Dex:       It affects your dexterity (+5).
   rElec:     It insulates you from electricity.
   rCorr:     It protects you from acid and corrosion.
 Z - a +1 whip of electrocution
Missiles
 i - 14 javelins
 v - 31 poisoned darts
 D - 4 datura-tipped darts
 R - 2 silver boomerangs
 V - a curare-tipped dart
Armour
 b - a +2 robe of cold resistance
 c - a +1 pair of gloves (worn)
 k - an orb of mayhem
 r - a +0 pair of boots (worn)
 G - a +0 crystal plate armour
 J - a +2 ring mail of poison resistance
 T - +0 acid dragon scales (worn)
 Y - a +0 cloak (worn)
Magical Staves
 P - a staff of poison
Jewellery
 f - an amulet of reflection (around neck)
 p - the amulet of Elemental Vulnerability {rPois rF-- rC-- AC+8}
   (You found it on level 12 of the Dungeon)

   [amulet of nothing]

   AC:        It affects your AC (+8).
   rF:        It makes you very vulnerable to fire.
   rC:        It makes you very vulnerable to cold.
   rPois:     It protects you from poison.
 s - a +6 ring of dexterity (left hand)
 x - a ring of fire
 y - a ring of ice
 C - a ring of protection from cold (right hand)
Wands
 u - a wand of roots (9)
 E - a wand of quicksilver (22)
 H - a wand of flame (26)
 K - a wand of polymorph (11)
 M - a wand of paralysis (18)
Scrolls
 e - 3 scrolls of fog
 g - a scroll of fear
 h - 3 scrolls of magic mapping
 j - 2 scrolls of vulnerability
 l - 5 scrolls of teleportation {unknown}
 O - a scroll of blinking {unknown}
Potions
 a - 2 potions of might
 d - 4 potions of heal wounds
 m - a potion of brilliance
 o - 5 potions of curing
 z - a potion of lignification
 A - 2 potions of resistance
 B - a potion of magic
 F - a potion of attraction {unknown}
 N - 2 potions of flight
 S - a potion of haste
 U - 3 potions of invisibility {unknown}
 W - 2 potions of mutation {unknown}
Miscellaneous
 X - a lightning rod (4/4)


   Skills:
 + Level 6.2 Fighting
 + Level 5.2 Maces & Flails
 + Level 6.0 Armour
 + Level 5.4 Dodging
 + Level 7.6 Stealth
 * Level 8.4 Spellcasting
 * Level 6.9 Conjurations
 + Level 1.0 Necromancy
 + Level 6.2 Transmutations
 * Level 10.3 Earth Magic
 + Level 1.6 Poison Magic
 + Level 4.0 Invocations


You had 13 spell levels left.
You knew the following spells:

 Your Spells              Type           Power      Damage    Failure   Level
a - Sandblast             Erth           94%        2d19      1%          1
b - Passwall              Tmut/Erth      32%        N/A       1%          2
c - Stone Arrow           Conj/Erth      82%        3d12      1%          3
d - Petrify               Tmut/Erth      39%        N/A       4%          4
e - Dispel Undead         Necr           12%        3d9       58%         4

Your spell library contained the following spells:

 Spells                   Type           Power      Damage    Failure   Level
 Sting                    Tmut/Pois      88%        1d7       2%          1
 Necrotise                Necr           48%        1d6       8%          1
 Cigotuvi's Dreadful Rot  Necr/Pois/Air  22%        N/A       12%         2
 Poisonous Vapours        Pois/Air       22%        N/A       13%         2
 Ensorcelled Hibernation  Hex/Ice        16%        N/A       19%         2
 Scorch                   Fire           16%        2d6       19%         2
 Vampiric Draining        Necr           12%        2d6       22%         3
 Flame Wave               Conj/Fire      21%        2d8       28%         4
 Inner Flame              Hex/Fire       8%         N/A       34%         3
 Ozocubu's Armour         Ice            8%         N/A       34%         3
 Olgreb's Toxic Radiance  Pois           14%        N/A       52%         4
 Cause Fear               Hex            4%         N/A       75%         4
 Agony                    Necr           12%        N/A       91%         5
 Metabolic Englaciation   Hex/Ice        4%         N/A       97%         5
 Death Channel            Necr           6%         N/A       100%        6
 Simulacrum               Ice/Necr       5%         N/A       100%        6
 Summon Cactus Giant      Summ           4%         N/A       100%        6
 Discord                  Hex            4%         N/A       100%        8
 Swiftness                Air            Unusable   N/A       N/A         3

Dungeon Overview and Level Annotations

Branches:
Dungeon (12/15)            Temple (1/1) D:7            Lair (0/5) D:11
    Orc (0/2) D:10

Altars:
Ashenzari
Cheibriados
Dithmenos
Elyvilon
Fedhas
Gozag
Hepliaklqana
Kikubaaqudgha
Makhleb
Nemelex Xobeh
Okawaru
Qazlal
Ru
Sif Muna
Trog
Uskayaw
Vehumet
Wu Jian
Xom
Yredelemnul
Zin
The Shining One

Portals:
Abyss: D:4

Annotations:
D:4 2 transporters, DeathPants's ghost, novice VSEn


Innate Abilities, Weirdness & Mutations

You cannot be hasted, slowed, berserked, paralysed or teleported.
You can dig through walls and to a lower floor.
You have a pair of large antennae on your head. (SInv)
Your four strong arms can wield two-handed weapons with a shield.


Message History

Unknown command.
Unknown command.
Unknown command.
You feel very sick.
You feel better. The slime creature hits you!
* * * LOW HITPOINT WARNING * * *
The slime creature barely misses you.
You block the green ugly thing's attack.
You feel much better.
Two slime creatures merge to form a large slime creature.
The slime creature hits you but does no damage.
The green ugly thing trunk-slaps you.
Unknown command.
Unknown command.
Casting: Stone Arrow (safe; 1% risk of failure)
Confirm with . or Enter, or press ? or * to list all spells.
Aiming: Stone Arrow (safe; 1% risk of failure)
Press: ? - help, Shift-Dir - straight line, f/p - green ugly thing
Aim: a green ugly thing (almost dead, 76% to hit)
The stone arrow hits the green ugly thing!
You kill the green ugly thing!
Sif Muna accepts your kill. The slime creature closely misses you.
Unknown command.
Casting: Stone Arrow (safe; 1% risk of failure)
Confirm with . or Enter, or press ? or * to list all spells.
Aiming: Sandblast (safe; 1% risk of failure)
Press: ? - help, Shift-Dir - straight line, f - slime creature
Aim: a slime creature (96% to hit)
The blast of sand hits the slime creature!!
The slime creature is heavily wounded.
The large slime creature hits you!!
* * * LOW HITPOINT WARNING * * *
The slime creature closely misses you.
The large slime creature barely misses you.
The slime creature hits you but does no damage.
Unknown command.
The large slime creature attacks as you move away!
The large slime creature hits you!!
You die...

## ..?## ##? ....##
#..##....## #.........#
# # ##.........#.# ##
#......[...... .#####
#............. ..##.###
#...†JJ....# .......##
#....@....## ........##
###.......#
.........####.......##
........###.#.......##
............##........#
......................#
.........##........>...#
......#...###..........#
......##... ......##...


You could see a large slime creature and a slime creature.

Vanquished Creatures
  Erica (D:8)
  4 two-headed ogres
  Urug (D:12)
  Pikel (D:4)
  2 ugly things
  2 cyclopes
  Joseph (D:8)
  2 unseen horrors
  An efreet (D:12)
  A komodo dragon (D:12)
  Psyche (D:10)
  4 kobold demonologists (D:9)
  3 trolls
  A hornet (D:8)
  A slime creature (D:12)
  2 shadows (D:10)
  2 vampires
  A yak (D:10)
  2 wyverns
  A wraith (D:10)
  2 basilisks (D:10)
  A steam dragon (D:7)
  Menkaure (D:7)
  2 vampire mosquitoes (D:11)
  An acid dragon (D:10)
  2 water moccasins
  6 orc warriors
  Duvessa (D:4)
  2 black bears
  An ice beast (D:5)
  2 ogres
  5 centaurs
  4 phantoms
  3 kobold brigands
  2 lemures
  5 bullfrogs
  2 necrophages
  3 scorpions
  7 wights
  Dowan (D:4)
  11 killer bees
  8 howler monkeys
  An electric eel (D:7)
  3 hounds
  4 jellies
  7 orc priests
  2 iguanas
  Natasha (twice) (D:2)
  7 orc wizards
  6 adders
  A gnoll (D:1)
  2 shadow imps
  A white imp (D:8)
  3 ufetubi
  2 worms
  4 dart slugs
  35 orcs
  4 ball pythons
  6 bats
  9 endoplasms
  A giant cockroach (D:2)
  6 goblins
  7 hobgoblins
  15 kobolds
  3 quokkas
  2 frilled lizards
  8 rats
247 creatures vanquished.

Vanquished Creatures (others)
  3 fungi (D:11)
  3 plants (D:11)
6 creatures vanquished.

Grand Total: 253 creatures vanquished

Notes
Turn   | Place    | Note
-------+----------+-------------------------------------------
     0 | D:1      | arthad the Formicid Earth Elementalist began the quest for
                  | the Orb.
     0 | D:1      | Reached XP level 1. HP: 13/13 MP: 3/3
   216 | D:1      | Reached XP level 2. HP: 19/19 MP: 3/5
   689 | D:1      | Reached skill level 4 in Earth Magic
   689 | D:1      | Reached XP level 3. HP: 25/25 MP: 2/6
  1480 | D:2      | Found a broken altar of Ashenzari.
  1533 | D:2      | Reached XP level 4. HP: 31/31 MP: 5/7
  1729 | D:2      | Reached skill level 1 in Fighting
  1754 | D:2      | Noticed Natasha
  1770 | D:2      | Killed Natasha
  1771 | D:2      | Reached skill level 1 in Armour
  1866 | D:2      | Noticed Natasha
  1872 | D:2      | Killed Natasha
  1873 | D:2      | Reached XP level 5. HP: 37/37 MP: 6/9
  2133 | D:3      | Identified the +5 flail of Hubris {venom, Contam rElec rC+
                  | Stlth+}
  2311 | D:3      | Learned a level 2 spell: Passwall
  2315 | D:3      | Learned a level 3 spell: Stone Arrow
  2371 | D:3      | Reached XP level 6. HP: 39/43 MP: 4/11
  2781 | D:3      | Found a faded altar of an unknown god.
  2879 | D:3      | Reached skill level 5 in Earth Magic
  3345 | D:4      | Found a transporter.
  3346 | D:4      | Found a transporter.
  3388 | D:4      | Noticed Pikel
  3390 | D:4      | Noticed an ogre
  3438 | D:4      | Noticed a black bear
  3441 | D:4      | Killed a black bear
  3442 | D:4      | Reached skill level 1 in Maces & Flails
  3442 | D:4      | Reached skill level 1 in Conjurations
  3442 | D:4      | Reached XP level 7. HP: 50/50 MP: 8/12
  3895 | D:4      | Found a radiant altar of Vehumet.
  3960 | D:4      | Killed Pikel
  3961 | D:4      | Reached skill level 6 in Earth Magic
  3961 | D:4      | Reached XP level 8. HP: 42/57 MP: 10/14
  4075 | D:4      | Noticed DeathPants's ghost (novice VSEn)
  4126 | D:4      | Noticed Dowan
  4128 | D:4      | Killed Dowan
  4128 | D:4      | Noticed Duvessa
  4133 | D:4      | Killed Duvessa
  4360 | D:4      | Found a one-way gate to the infinite horrors of the Abyss.
  4474 | D:5      | Entered Level 5 of the Dungeon
  4478 | D:5      | Reached XP level 9. HP: 60/63 MP: 12/16
  4550 | D:5      | Reached skill level 5 in Spellcasting
  4762 | D:5      | Found a glowing golden altar of the Shining One.
  4932 | D:5      | Found a bloodstained altar of Trog.
  5082 | D:5      | Reached skill level 5 in Stealth
  5270 | D:6      | You fall into a shaft and drop 2 floors!
  5396 | D:6      | Reached skill level 7 in Earth Magic
  6124 | D:7      | Noticed Menkaure
  6127 | D:7      | Killed Menkaure
  6229 | D:7      | Found a staircase to the Ecumenical Temple.
  6241 | Temple   | Entered the Ecumenical Temple
  6430 | Temple   | Became a worshipper of Sif Muna the Loreminder
  6492 | D:7      | Reached XP level 10. HP: 69/71 MP: 15/18
  7518 | D:8      | Reached skill level 8 in Earth Magic
  7534 | D:8      | Noticed Joseph
  7546 | D:8      | Killed Joseph
  7674 | D:8      | Noticed Erica
  7680 | D:8      | Killed Erica
  7681 | D:8      | Reached skill level 5 in Conjurations
  7681 | D:8      | Reached skill level 1 in Invocations
  7888 | D:8      | Found an opulent altar of Gozag.
  8087 | D:8      | Found a shimmering altar of Xom.
  8087 | D:8      | Found a shimmering altar of Xom.
  8088 | D:8      | Found a shimmering altar of Xom.
  8088 | D:8      | Found a shimmering altar of Xom.
  8279 | D:8      | Found a snail-covered altar of Cheibriados.
  8329 | D:8      | Reached * piety under Sif Muna
  9065 | D:9      | Learned a level 4 spell: Petrify
  9090 | D:9      | Noticed a kobold demonologist
  9090 | D:9      | Noticed a kobold demonologist
  9090 | D:9      | Noticed a kobold demonologist
  9090 | D:9      | Noticed a kobold demonologist
  9093 | D:9      | Killed a kobold demonologist
  9094 | D:9      | Reached XP level 11. HP: 78/78 MP: 16/21
  9099 | D:9      | Reached skill level 5 in Fighting
  9099 | D:9      | Reached skill level 5 in Transmutations
  9106 | D:9      | Reached skill level 5 in Armour
  9481 | D:9      | Identified the +5 war axe of the Tiger {flame, rElec rCorr
                  | Str-4 Dex+5}
  9765 | D:9      | Found an iron altar of Okawaru.
 10077 | D:10     | Entered Level 10 of the Dungeon
 10098 | D:10     | Reached skill level 9 in Earth Magic
 10141 | D:10     | Found a staircase to the Orcish Mines.
 10237 | D:10     | Noticed a boulder beetle
 10484 | D:10     | Noticed Psyche
 10490 | D:10     | Killed Psyche
 10615 | D:10     | Noticed a cyclops
 10803 | D:10     | Noticed a two-headed ogre
 10806 | D:10     | Reached ** piety under Sif Muna
 10898 | D:10     | Killed a two-headed ogre
 11015 | D:10     | Noticed a two-headed ogre
 11023 | D:10     | Killed a two-headed ogre
 11024 | D:10     | Reached skill level 5 in Dodging
 11644 | D:10     | Killed a cyclops
 12084 | D:10     | Noticed a two-headed ogre
 12088 | D:10     | Killed a two-headed ogre
 12089 | D:10     | Reached XP level 12. HP: 86/86 MP: 13/23
 12864 | D:11     | Noticed a two-headed ogre
 12870 | D:11     | Killed a two-headed ogre
 12871 | D:11     | Reached skill level 5 in Maces & Flails
 12871 | D:11     | Reached skill level 10 in Earth Magic
 12877 | D:11     | Learned a level 4 spell: Dispel Undead
 13253 | D:11     | Found a staircase to the Lair.
 13794 | D:12     | Noticed Urug
 13815 | D:12     | Killed Urug
 13816 | D:12     | Reached skill level 1 in Poison Magic
 13956 | D:12     | Found the amulet of Elemental Vulnerability {rPois rF--
                  | rC-- AC+8}
 14069 | D:12     | Reached *** piety under Sif Muna
 14125 | D:12     | Reached skill level 1 in Necromancy
 14133 | D:12     | HP: 1/88 [large slime creature (35)]
 14134 | D:12     | Annihilated by a large slime creature

Illustrated notes

Levels and vault maps discovered:
D:1:      dpeg_arrival_leaves_temple_mockup, layout_basic
D:2:      layout_loops_ring, basic_altar, uniq_natasha
D:3:      minmay_door_path, layout_loops_ring,
          shapermc_ecumenical_altar_totnotflames
D:4:      layout_basic, mainiacjoe_overflow_alcove_2,
          gammafunk_ghost_abyssal_escape, minmay_crystal_water,
          minmay_mini_jars, uniq_pikel, uniq_duvessa
D:5:      layout_basic, lemuel_doored_altar, tso_oasis_becter, grunt_tough_drop
D:6:      layout_cave_pools, nicolae_hexahallways, minmay_splitting_lines,
          hangedman_abyss_or_decor_passed
D:7:      layout_cave_pools, minmay_temple_entry_gardened_gates,
          lightli_minifort, uniq_menkaure
D:8:      layout_basic, chei_slow_surprise, xom_shifter_show,
          nicolae_gozag_cash_rules_everything_around_me, grunt_ministairs_2,
          uniq_erica, uniq_joseph
D:9:      layout_grid_maze, okawaru_gym_becter
D:10:     minmay_ornate_pinched, layout_basic, orc_0_dummy,
          grunt_decor_resistance, uniq_psyche
D:11:     layout_roguey, grunt_lair_entry_orc_guard_hut
D:12:     layout_cave_pools, hex_tiny, uniq_urug
Temple:   nicolae_temple_superstar

Skill      XL: |  1  2  3  4  5  6  7  8  9 10 11 12 |
---------------+-------------------------------------+-----
Dodging        | 2 3 4 5 |  5.4
Earth Magic    | 4 5 6 7 8 9 10 | 10.3
Fighting       | 1 2 3 4 5 6 |  6.2
Armour         | 1 2 3 4 5 6 |  6.0
Stealth        | 3 4 5 6 7 |  7.6
Spellcasting   | 3 4 5 6 7 8 |  8.4
Transmutations | 2 3 4 5 6 |  6.2
Maces & Flails | 1 2 3 4 5 |  5.2
Conjurations   | 1 2 3 4 5 6 |  6.9
Invocations    | 1 3 4 |  4.0
Poison Magic   | 1 |  1.6
Necromancy     | 1 |  1.0

Action                   |  1- 3 |  4- 6 |  7- 9 | 10-12 || total
-------------------------+-------+-------+-------+-------++-------
Melee: Unarmed           |       |     4 |       |       ||     4
       Flail             |       |     2 |     1 |    20 ||    23
       Punch             |       |       |       |     2 ||     2
Throw: Dart              |       |       |     4 |       ||     4
       Javelin           |       |       |     1 |       ||     1
 Cast: Sandblast         |    39 |    84 |   103 |   163 ||   389
       Stone Arrow       |       |       |    25 |   151 ||   176
       Petrify           |       |       |       |     3 ||     3
Evoke: Wand              |       |       |       |     2 ||     2
  Use: Potion            |       |     1 |     4 |     4 ||     9
       Scroll            |       |       |       |    16 ||    16
 Stab: Petrified         |       |       |       |     5 ||     5
Armor: Robe              |     1 |     7 |     9 |    22 ||    39
       Acid dragon scale |       |       |       |    17 ||    17
Dodge: Dodged            |     1 |    33 |    34 |   139 ||   207
Block: Other             |       |    10 |    20 |    43 ||    73
       Reflection        |       |     2 |     3 |     5 ||    10

Table legend: (Time is in decaauts)
 A = Elapsed time spent in this place.
 B = Non-inter-level travel time spent in this place.
 C = Inter-level travel time spent in this place.
 D = Time resting spent in this place.
 E = Time spent auto-exploring this place.
 F = Levels seen in this place.
 G = Mean time per level.
                   A        B        C        D        E       F      G
               +--------+--------+--------+--------+--------+-----+--------+
         Total |  14334 |  13894 |    440 |   3177 |   8814 |  13 | 1102.6 |
       Dungeon |  14131 |  13728 |    403 |   3177 |   8664 |  12 | 1177.6 |
        Temple |    202 |    165 |     37 |      0 |    150 |   1 |  202.0 |
               +--------+--------+--------+--------+--------+-----+--------+

Top non-repeatable levels by time:
    D:10: 1937 daAuts
     D:8: 1623 daAuts
    D:11: 1491 daAuts
     D:9: 1402 daAuts
     D:3: 1269 daAuts
     D:4: 1196 daAuts
     D:1: 1085 daAuts
     D:7: 1058 daAuts
     D:2: 1002 daAuts
     D:5: 813 daAuts
     D:6: 767 daAuts
    D:12: 484 daAuts
  Temple: 202 daAuts
